 Dungeon Crawl Stone Soup version 0.31-a0-331-geda263fcf1 (webtiles) character file.

Game seed: 5611627512976168192

587874 holysushi the Spry (level 27, -5/159 HPs)
             Began as a Djinni Necromancer on July 17, 2023.
             Was an Initiate of Gozag.
             Slain by a formless jellyfish (14 damage)
             ... on level 1 of the Pits of Slime on July 19, 2023.
             The game lasted 03:05:23 (66997 turns).

holysushi the Spry (Djinni Necromancer)            Turns: 66997, Time: 03:05:24

Health: -5/159     AC:  9    Str: 13    XL:     27
Gold:   8687       EV: 32    Int: 24    God:    Gozag SH: 33 Dex: 34

rFire   + + .        b - +8 autumn katana {manifold assault}
rCold   + + .        M - +8 tower shield {reflect}
rNeg    + + +        u - +3 leather armour "Memowk" {Fly Will+ Regen+}
rPois   ∞            x - +2 hat of the Bear Spirit {Spirit, Bear, *Rage Will++}
rElec   .            j - scarf {repulsion}
rCorr   .            s - +0 pair of gloves {Dex+3}
SInv    .            (boots unavailable)
Will    +++++        g - amulet of regeneration
Stlth   +++++        H - +6 ring of intelligence
HPRegen 2.06/turn    X - ring "Pucoudy" {rC++ Str+6 Dex+4}
MPRegen 0.00/turn

%: repel missiles, reflection, guardian spirit, infuse magic (-6 HP)
@: death-form, flying, constricted
A: vile attack, torment immunity, no potions, flying, reduced hp, sickness
immunity, fire resistance 2, cold vulnerability 1, float, innate caster, HP
casting, extra vitality 1, deterioration 1
}: 4/15 runes: decaying, serpentine, silver, abyssal
a: Siphon Essence, Begin Untransformation, Renounce Religion, Potion Petition,
Call Merchant, Bribe Branch


You were on level 1 of the Pits of Slime.
You worshipped Gozag.
Gozag was greatly pleased with you.
You were an undying horror.
You visited 10 branches of the dungeon, and saw 44 of its levels.
You visited the Abyss 2 times.
You visited 1 bazaar.
You also visited: Sewer, Bailey, Ice Cave, Volcano and Wizlab.

You collected 26946 gold pieces.
You spent 5128 gold pieces at shops.
You paid 13131 gold pieces to Gozag.

Inventory:

Hand Weapons
 a - the +10 dagger "Raicad" {drain, rElec rN+ Str-3 Int+5}
   (You found it on level 2 of the Lair of Beasts)

   Str:       It affects your strength (-3).
   Int:       It affects your intelligence (+5).
   rElec:     It insulates you from electricity.
   rN:        It protects you from negative energy.
 b - the +8 autumn katana (weapon) {manifold assault}
   (You took it off an ironbound convoker on level 5 of the Vaults)
 c - a +8 antimagic quick blade
Armour
 j - a scarf of repulsion (worn)
 s - a +0 pair of gloves of dexterity (worn)
 u - the +3 leather armour "Memowk" (worn) {Fly Will+ Regen+}
   (You found it on level 3 of the Depths)

   Fly:       It grants you flight.
   Regen:     It increases your rate of health regeneration.
   Will:      It increases your willpower.
 x - the +2 hat of the Bear Spirit (worn) {Spirit, Bear, *Rage Will++}
   (You bought it in a shop on level 9 of the Dungeon)

   Bear:      Going berserk makes the wearer exceptionally tough, and they are
   slowed for a shorter time afterward.
   *Rage:     It berserks you when you make melee attacks (+20% chance).
   Will:      It greatly increases your willpower.
 M - a +8 tower shield of reflection (worn)
Jewellery
 g - an amulet of regeneration (around neck)
 H - a +6 ring of intelligence (left hand)
 X - the ring "Pucoudy" (right hand) {rC++ Str+6 Dex+4}
   (You bought it in a shop on level 2 of the Snake Pit)

   [ring of strength]

   Str:       It affects your strength (+6).
   Dex:       It affects your dexterity (+4).
   rC:        It greatly protects you from cold.
Talismans
 v - a talisman of death
 V - a granite talisman
 Z - a dragon-blood talisman
Wands
 r - a wand of iceblast (71)
 w - a wand of digging (13)
 P - a wand of acid (18)
Scrolls
 d - 9 scrolls of poison
 l - 23 scrolls of identify
 n - 6 scrolls of brand weapon
 p - 3 scrolls of fog
 q - 14 scrolls of fear
 y - 5 scrolls of torment
 E - 5 scrolls of enchant armour
 F - 4 scrolls of vulnerability
 K - 7 scrolls of blinking
 L - 2 scrolls of summoning
 N - a scroll of enchant weapon
 O - 13 scrolls of teleportation
 Q - 5 scrolls of immolation
 R - a scroll of silence
 U - 2 scrolls of revelation
Potions
 e - 11 potions of might
 f - 9 potions of attraction
 h - 9 potions of mutation
 k - 9 potions of enlightenment
 m - 3 potions of berserk rage
 o - 6 potions of cancellation
 t - 21 potions of curing
 z - 7 potions of haste
 A - 11 potions of heal wounds
 C - a potion of ambrosia
 D - 6 potions of resistance
 G - 5 potions of invisibility
 I - 3 potions of brilliance
 T - 6 potions of lignification
Miscellaneous
 i - a lightning rod (4/4)
 B - a box of beasts
 S - a phantom mirror
 W - a condenser vane


   Skills:
 - Level 14.0 Fighting
 - Level 10.0 Short Blades
 - Level 20.0 Dodging
 - Level 10.0 Stealth
 - Level 17.0 Shields
 - Level 19.8 Spellcasting
 - Level 19.8 Conjurations
 - Level 19.8 Hexes
 - Level 19.8 Summonings
 - Level 19.8 Necromancy
 - Level 19.8 Translocations
 - Level 19.8 Transmutations
 - Level 19.8 Fire Magic
 - Level 19.8 Ice Magic
 - Level 19.8 Air Magic
 - Level 19.8 Earth Magic
 - Level 19.8 Poison Magic
 - Level 5.0 Evocations
 + Level 19.5 Shapeshifting


You knew the following spells:

 Your Spells              Type           Power      Damage    Failure   Level
a - Borgnjor's Vile Clut  Necr/Erth      43%        N/A       1%          5
b - Fire Storm            Conj/Fire      43%        8d11      94%         9
c - Haunt                 Necr/Summ      43%        N/A       1%          7
d - Conjure Ball Lightni  Conj/Air       43%        3x3d15    1%          6
e - Dazzling Flash        Conj/Hex       100%       N/A       0%          3
f - Eringya's Noxious Bo  Tmut/Pois      43%        4d6       1%          6
g - Animate Dead          Necr           87%        N/A       1%          4
h - Agony                 Necr           87%        N/A       1%          5
i - Leda's Liquefaction   Hex/Erth       43%        N/A       1%          4
j - Sandblast             Erth           100%       2d20      0%          1
k - Necrotise             Necr           100%       1d9       0%          1
l - Scorch                Fire           100%       2d9       0%          2
m - Sticky Flame          Conj/Fire      87%        2d10      1%          4
n - Disjunction           Tloc           43%        N/A       16%         8
o - Infestation           Necr           43%        N/A       16%         8
p - Vampiric Draining     Necr           87%        2d12      0%          3
q - Death's Door          Necr           43%        N/A       94%         9
Your spell library was empty.

Dungeon Overview and Level Annotations

Branches:
Dungeon (15/15) Zot: 24001  Temple (1/1) D:7 Zot: 5910    Lair (5/5) D:8 Zot: 22003
  Swamp (4/4) Lair:3 Zot: 19063   Snake (4/4) Lair:3 Zot: 20066   Slime (1/5) Lair:5 Zot: 5986
    Orc (2/2) D:10 Zot: 10051     Elf (3/3) Orc:2 Zot: 12970  Vaults (5/5) D:13 Zot: 19848
  Crypt (0/3) Vaults:2     Depths (4/4) D:15 Zot: 15676     Zot (0/5) Depths:4
  Sewer (visited)          Bailey (visited)           IceCv (visited)
Volcano (visited)          WizLab (visited)

Altars:
Ashenzari
Cheibriados
Dithmenos
Elyvilon
Fedhas
Gozag
Hepliaklqana
Makhleb
Nemelex Xobeh
Okawaru
Qazlal
Ru
Trog
Uskayaw
Wu Jian
Xom
Yredelemnul
Zin
The Shining One
Jiyva

Shops:
D:7 (   D:8 =   D:9 [   D:13 ?   Orc:1 (   Orc:2 ==(!!   Elf:2 *   Lair:1 [
Snake:1 ((   Snake:2 =*=[   Snake:3 [   Snake:4 (   Depths:1 *   Depths:3 :[
Depths:4 [

Portals:
Hell: Depths:1 Depths:2 Depths:3 Depths:4
Abyss: Depths:1 Depths:3 Depths:4
Pandemonium: Orc:2 Depths:2 Depths:3
Ziggurat: Depths:2

Annotations:
D:4 2 transporters
Lair:1 3 runed translucent doors, Newt's ghost, novice DsGl
Snake:4 3 runed translucent doors, exclusion: obsidian statue, Ruet's ghost, adept AtFi


Innate Abilities, Weirdness & Mutations

You are an undying horror.
Your melee and unarmed attacks drain, slow and weaken victims.
You are immune to unholy pain and torment.
You cannot drink.
You are flying.
Your maximum health is decreased, since you lack skill for your form.
You are immune to sickness and miasma.
You are immune to poison.
Your flesh is very heat resistant. (rF++)
You are vulnerable to cold. (rC-)
You float through the air rather than walking.
You learn spells naturally, not from books.
Your magical power is your life essence.
You have superior vitality. (+4 MHP)
Your body sometimes deteriorates upon taking damage.


Message History

The rockslime convulses!
You feel stolen life flooding into you!
You feel better. The rockslime hits you!
You are held in place!
The slime creature closely misses you. You block the rockslime's attack.
You block the formless jellyfish's attack.
The formless jellyfish stings you!! The formless jellyfish constricts you.
The formless jellyfish stings you!!
Activating: Siphon Essence
Press: ? - help, Dir - look around, f - activate The slime creature convulses!
The formless jellyfish convulses! x3
The rockslime convulses!
You feel stolen life flooding into you!
You feel better. The rockslime closely misses you.
You block the formless jellyfish's attack.
The formless jellyfish constricts you.
The formless jellyfish completely misses you.
You block the slime creature's attack.
The formless jellyfish completely misses you.
Activating: Siphon Essence
Press: ? - help, Dir - look around, f - activate The slime creature convulses!
The formless jellyfish convulses! x3
The rockslime convulses!
You feel stolen life flooding into you!
You feel better. The rockslime hits you!!
* * * LOW HITPOINT WARNING * * *
You are held in place!
You block the slime creature's attack.
You block the formless jellyfish's attack.
The formless jellyfish completely misses you.
The formless jellyfish constricts you.
* * * LOW HITPOINT WARNING * * *
You block the formless jellyfish's attack.
Blink to where?
Press: ? - help, Dir - move target The formless jellyfish's grasp on you weakens, but your attempt to escape fails.
As you read the scroll of blinking, it crumbles to dust.
A rockslime comes into view.
You block the rockslime's attack. You block the slime creature's attack.
The formless jellyfish completely misses you. x2
The formless jellyfish constricts you.
* * * LOW HITPOINT WARNING * * *
The formless jellyfish stings you!
You die...
Your body crumbles into a pile of gold.

...............
...............
..............
#............
#.........#..
####..........#
#......JJ......
......JzJ......
#.......J...#J.
##.##.##....#
## .......
....##. .....#
....## ....#


You could see 3 formless jellyfish, a slime creature and 2 rockslimes.

Vanquished Creatures
  Mennas (Vaults:2)
  Mara (Snake:3)
  3 golden dragons (Depths:2)
  2 profane servitors (Abyss:3)
  2 tentacled monstrosities (Vaults:5)
  A shard shrike skeleton (Abyss:2)
  A deep elf blademaster (Elf:3)
  3 liches (Abyss:3)
  4 titans
  2 quicksilver dragons
  A deep elf master archer (Elf:3)
  4 tentacled starspawn
  3 sphinxes
  2 thorn hunters
  A draconian monk (Abyss:2)
  A storm dragon (Depths:2)
  Aizul (Depths:1)
  3 shadow dragons (Vaults:5)
  3 tengu reavers
  7 frost giants
  An iron dragon (Depths:2)
  12 vault wardens
  4 deep elf sorcerers
  5 fire giants
  2 deep elf elementalists (Elf:3)
  3 orc warlords
  A draconian stormcaller (Depths:4)
  2 reapers
  A spriggan defender (Depths:3)
  A formless jellyfish (Vaults:3)
  7 stone giants
  4 ironbound thunderhulks
  11 ironbound preservers
  13 very ugly things
  A war gargoyle (Vaults:5)
  2 deep elf annihilators
  A bunyip (Swamp:4)
  A yellow draconian (Depths:4)
  2 spark wasps (Depths:2)
  3 dire elephants (Vaults:2)
  2 eleionomae
  7 ettins
  2 merfolk impalers (Depths:2)
  Snorg (D:11)
  2 jiangshi
  2 fire dragons
  2 deep elf high priests
  4 ice dragons
  8 yaktaur captains
  A hell beast (Depths:1)
  3 spriggan air magi
  2 peacekeepers
  A rakshasa (Depths:3)
  11 centaur warriors
  5 catoblepae (Lair:5)
  33 vault guards
  A salamander tyrant (Snake:4)
  7 hydras
  5 boulder beetles
  An ogre mage (Vaults:5)
  6 ironbound frosthearts
  2 ghost crabs
  2 anacondas (Snake:3)
  2 alligators
  4 two-headed ogres
  13 dancing weapons
  A naga warrior (Snake:4)
  5 tengu warriors
  4 deep troll earth magi
  4 orc high priests (Orc:2)
  4 deep troll shamans
  2 naga sharpshooters (Snake:4)
  2 spriggan berserkers
  6 death yaks (Lair:5)
  2 shock serpents
  8 spriggans
  8 hell knights
  2 thrashing horrors
  A soul eater (Swamp:4)
  6 deep elf knights
  2 sun demons
  3 salamander mystics
  A fire crab (Volcano)
  5 skeletal warriors (D:12)
  3 skysharks (Lair:3)
  4 iron trolls
  2 spriggan druids
  A sixfirhy (D:11)
  An orange crystal statue (IceCv)
  19 deep trolls
  A naga ritualist (Snake:1)
  An orb spider (Abyss:3)
  A bog body (Swamp:1)
  3 deep elf archers
  A flayed ghost (Abyss:2)
  2 glowing orange brains
  6 lindwurms
  A swamp dragon (shapeshifter) (Depths:4)
  A wizard (Depths:2)
  6 starcursed masses
  8 ironbound convokers
  2 harpies (Vaults:1)
  7 necromancers
  14 deep elf pyromancers
  5 mana vipers
  A wolf spider zombie (D:14)
  4 orc knights
  21 ugly things
  6 deep elf zephyrmancers
  6 orc sorcerers
  3 salamanders
  3 manticores
  5 cyclopes
  4 guardian serpents
  2 molten gargoyles (Volcano)
  6 large abominations
  A water nymph (Abyss:3)
  A water nymph (shapeshifter) (Abyss:3)
  An apocalypse crab (Abyss:3)
  6 black mambas
  2 vault sentinels
  Maurice (D:10)
  3 orange demons
  A gargoyle (D:13)
  A hellion (Depths:2)
  An elf skeleton (Vaults:2)
  A cane toad (shapeshifter) (Elf:2)
  15 cane toads
  25 yaktaurs
  4 kobold demonologists
  6 torpor snails
  5 tengu conjurers
  7 freezing wraiths
  9 komodo dragons
  A bloated husk (Swamp:1)
  2 hellwings
  5 trolls
  2 ancient zymes
  A queen bee (D:11)
  20 nameless horrors
  2 polar bears
  12 hornets
  5 raiju
  A tyrant leech (Swamp:3)
  4 blink frogs (Lair:3)
  A dream sheep (shapeshifter) (Vaults:2)
  5 dream sheep (Lair:5)
  Sigmund (D:6)
  9 slime creatures
  A centaur simulacrum (D:15)
  2 water elementals (Depths:4)
  52 yaks
  2 vampires (D:11)
  4 shadows
  3 ynoxinuls
  A fire elemental (Elf:1)
  A human (shapeshifter) (D:15)
  2 humans (D:13)
  10 fire bats
  4 wyverns
  3 small abominations
  Eustachio (D:6)
  A redback (Vaults:5)
  2 steam dragons
  Grum (D:11)
  A basilisk (D:14)
  8 chaos spawn
  A neqoxec (Abyss:3)
  12 vampire mosquitoes
  A swamp worm (Swamp:1)
  10 nagas
  3 acid dragons
  A hell hound (Volcano)
  A spectral hornet (D:14)
  14 water moccasins
  A swamp drake (Abyss:3)
  An ice beast (D:6)
  26 orc warriors
  2 sky beasts
  3 black bears
  5 ogres
  3 boggarts (Vaults:3)
  12 centaurs
  4 wolves (D:11)
  3 phantoms
  7 kobold brigands
  3 gnoll sergeants
  18 bullfrogs
  An earth elemental (Elf:3)
  3 scorpions
  A glowing shapeshifter simulacrum (IceCv)
  6 wights (D:6)
  A troll zombie (D:10)
  5 killer bees (D:11)
  7 howler monkeys
  3 electric eels (D:10)
  10 lava snakes
  A gnoll bouda (D:5)
  6 hounds
  A jelly (D:6)
  14 orc priests
  2 sleepcaps
  Ijyb (D:4)
  7 iguanas
  9 orc wizards
  A boggart skeleton (D:14)
  5 ogre zombies (D:10)
  26 gnolls
  9 adders
  A shadow imp (D:6)
  A white imp (D:8)
  4 ufetubi
  A worm (D:4)
  6 dart slugs
  49 orcs
  6 ball pythons
  7 endoplasms
  6 giant cockroaches
  20 goblins
  16 hobgoblins
  12 jackals
  31 kobolds
  6 quokkas
  6 bats
  5 frilled lizards
  A goblin skeleton (D:10)
  2 goblin zombies (D:10)
  2 hobgoblin skeletons (D:10)
  2 hobgoblin zombies (D:10)
  3 orc skeletons (D:10)
  9 orc zombies (D:10)
  11 rats
  3 starspawn tentacles
1188 creatures vanquished.

Vanquished Creatures (collateral kills)
  A dread lich (Vaults:5)
  5 juggernauts
  A Head Instructor (WizLab)
  Margery (Vaults:4)
  4 caustic shrikes (Depths:3)
  Bai Suzhen (Vaults:5)
  Nikola (Vaults:3)
  5 golden dragons
  4 tentacled monstrosities
  3 liches
  5 titans
  3 deep elf blademasters
  A deep elf master archer (Elf:3)
  2 quicksilver dragons (Vaults:5)
  5 tentacled starspawn
  2 thorn hunters (Swamp:4)
  4 storm dragons
  2 sphinxes
  A shadow dragon (Vaults:5)
  An Executioner (Abyss:3)
  6 tengu reavers
  Donald (Elf:3)
  Roxanne (Swamp:3)
  5 nagarajas (Snake:4)
  A rockslime (IceCv)
  8 fire giants
  3 azure jellies (IceCv)
  5 fenstrider witches (Swamp:4)
  10 deep elf sorcerers
  10 frost giants
  14 vault wardens
  A draconian shifter (Depths:4)
  3 iron dragons
  Louise (Depths:4)
  6 ironbound preservers
  12 very ugly things
  4 quicksilver oozes (IceCv)
  3 deep elf elementalists (Elf:3)
  12 stone giants
  2 vampire knights
  8 ironbound thunderhulks
  2 war gargoyles
  A formless jellyfish (Vaults:3)
  3 deep elf annihilators
  A green draconian (Depths:4)
  7 eleionomae
  6 deep elf demonologists
  5 dire elephants
  A white draconian (Depths:4)
  A black draconian (Depths:4)
  4 bunyips
  4 spark wasps (Depths:2)
  A merfolk javelineer (Depths:2)
  A blizzard demon (Depths:1)
  An eidolon (Abyss:2)
  2 ettins
  4 crystal guardians
  2 deep elf death magi (Elf:3)
  2 merfolk impalers (Depths:2)
  7 fire dragons
  3 green deaths
  3 jiangshi
  2 entropy weavers
  2 great orbs of eyes
  4 deep elf high priests
  9 vault guards
  6 yaktaur captains
  11 ice dragons
  3 salamander tyrants (Snake:4)
  7 spriggan air magi
  4 rakshasas
  5 ogre magi
  3 peacekeepers
  A hell beast (Depths:1)
  4 centaur warriors (Vaults:2)
  2 death knights
  2 demonspawn (Orc:2)
  7 hydras
  7 ironbound frosthearts
  2 anacondas (Snake:3)
  2 boulder beetles
  4 alligators
  2 ghost crabs
  A two-headed ogre (Orc:1)
  3 deep troll shamans
  4 deep troll earth magi
  4 vampire magi
  15 naga warriors
  A hell hog (Depths:3)
  4 tengu warriors
  20 dancing weapons
  5 naga sharpshooters
  6 orc high priests (Orc:2)
  A sun demon (Depths:3)
  5 spriggan berserkers
  3 hell knights
  4 shock serpents
  3 salamander mystics
  3 thrashing horrors
  15 deep elf knights
  A skeletal warrior (D:14)
  3 wretched stars
  A sixfirhy (Swamp:4)
  22 deep trolls
  2 iron trolls (Depths:3)
  2 swamp dragons
  10 spriggan druids
  5 goliath frogs
  2 sea snakes (Snake:2)
  6 glowing orange brains
  7 bog bodies
  3 orange crystal statues
  4 phantasmal warriors (Vaults:5)
  2 flayed ghosts
  A naga ritualist (Snake:1)
  12 wizards
  4 starcursed masses
  14 deep elf pyromancers
  7 large abominations
  6 lindwurms
  5 deep elf archers
  6 orc knights
  3 harpies (Vaults:1)
  8 necromancers
  12 ironbound convokers
  19 deep elf zephyrmancers
  3 orc sorcerers
  A tengu skeleton (Vaults:3)
  26 ugly things
  10 mana vipers
  11 salamanders
  6 will-o-the-wisps (Swamp:4)
  A cyclops (D:15)
  A moth of wrath (shapeshifter) (Depths:4)
  A stone giant skeleton (Vaults:3)
  19 black mambas
  A spectral centaur (D:14)
  A human skeleton (Vaults:2)
  2 manticores
  3 apocalypse crabs
  2 centaur zombies (D:14)
  8 naga magi
  2 smoke demons
  13 vault sentinels
  4 orange demons
  A dire elephant skeleton (Abyss:3)
  3 centaur skeletons
  2 efreet
  A redback zombie (D:15)
  19 yaktaurs
  A rime drake (shapeshifter) (Abyss:3)
  A spectral deep troll (D:14)
  7 freezing wraiths
  4 tengu conjurers
  A red devil (Orc:2)
  2 trolls
  An ancient zyme (Abyss:1)
  A tyrant leech (shapeshifter) (D:14)
  An ice devil (Depths:2)
  3 human zombies
  2 hydra zombies (Swamp:2)
  11 hornets
  2 raiju
  A bloated husk (Swamp:2)
  A spectral meliai (D:14)
  A wolf spider simulacrum (D:14)
  6 tyrant leeches
  A human simulacrum (Vaults:3)
  40 slime creatures
  2 flying skulls
  4 air elementals (Elf:1)
  2 centaur simulacra (D:14)
  2 vampires (D:14)
  18 spriggans
  A ynoxinul (Abyss:3)
  A basilisk (D:15)
  5 water elementals
  3 nameless horrors
  A fire elemental (Elf:1)
  2 wraiths (D:14)
  A fire bat (Abyss:3)
  3 chaos spawn
  7 neqoxecs
  2 redbacks (Vaults:4)
  12 swamp worms
  27 nagas
  3 wargs
  6 hell hounds (D:14)
  15 orc warriors
  A floating eye (Depths:2)
  9 small abominations
  4 swamp drakes
  A black bear (shapeshifter) (Elf:2)
  A spectral hornet (D:14)
  An ice dragon simulacrum (D:14)
  A great orb of eyes simulacrum (IceCv)
  3 ogres
  2 slime creature simulacra (IceCv)
  2 glowing shapeshifter simulacra (IceCv)
  4 deep troll simulacra (D:14)
  An earth elemental (Elf:3)
  4 electric eels
  A quasit (Abyss:3)
  An iron imp (Abyss:3)
  17 orc priests
  A sleepcap (D:6)
  5 orc wizards
  A white imp (Abyss:3)
  An ufetubus (Abyss:2)
  28 orcs
  3 training dummies (Snake:1)
  6 ball lightnings
  2 lurking horrors (Abyss:3)
  5 starspawn tentacles
1032 creatures vanquished.

Vanquished Creatures (others)
  A reaper (Swamp:4)
  An alligator (Swamp:4)
  A spriggan berserker (Swamp:4)
  A hell knight (Abyss:1)
  A wretched star (Abyss:3)
  A salamander mystic (WizLab)
  A deep elf zephyrmancer (Elf:1)
  4 yaktaurs (Vaults:3)
  A bloated husk (Swamp:4)
  A spriggan (Swamp:4)
  A yak (Lair:3)
  2 water elementals (Elf:1)
  A golden eye (Abyss:3)
  A nameless horror (Elf:2)
  114 ball lightnings
  8 foxfires (Swamp:4)
  12 starspawn tentacles
152 creatures vanquished.

Grand Total: 2372 creatures vanquished

Notes
Turn   | Place    | Note
-------+----------+-------------------------------------------
     0 | D:1      | holysushi the Djinni Necromancer began the quest for the
                  | Orb.
     0 | D:1      | holysushi set off with the following spells memorised:
                  | Necrotise, Vampiric Draining, Animate Dead, Agony.
     0 | D:1      | Reached XP level 1. HP: 15/15 MP: 0/0
    75 | D:1      | Reached XP level 2. HP: 21/22 MP: 0/0
   252 | D:1      | Reached skill level 1 in Fighting
   345 | D:1      | Reached XP level 3. HP: 18/27 MP: 0/0
   345 | D:1      | Learned a level 1 spell: Sandblast
   707 | D:1      | Reached skill level 3 in Dodging
  1004 | D:2      | Reached XP level 4. HP: 30/33 MP: 0/0
  1130 | D:2      | Found a stormy altar of Qazlal.
  1998 | D:3      | Reached XP level 5. HP: 37/38 MP: 0/0
  1998 | D:3      | Learned a level 2 spell: Scorch
  2038 | D:3      | Found the +7 staff of the Meek {protect, meekguard}
  2080 | D:3      | Reached skill level 4 in Dodging
  2099 | D:3      | Found a basalt altar of Yredelemnul.
  2236 | D:3      | Found a white marble altar of Elyvilon.
  2475 | D:4      | Noticed Ijyb
  2481 | D:4      | Reached XP level 6. HP: 36/43 MP: 0/0
  2490 | D:4      | Killed Ijyb
  2495 | D:4      | Found a stormy altar of Qazlal.
  2497 | D:4      | Reached skill level 5 in Dodging
  2704 | D:4      | Found a transporter.
  2831 | D:4      | Found a transporter.
  2845 | D:4      | Noticed an ice beast
  2846 | D:4      | Noticed an ice beast
  3112 | D:5      | Entered Level 5 of the Dungeon
  3116 | D:5      | Found an opulent altar of Gozag.
  3124 | D:5      | Became a worshipper of Gozag Ym Sagoz the Greedy
  3134 | D:5      | Reached XP level 7. HP: 49/49 MP: 0/0
  3134 | D:5      | Learned a level 3 spell: Dazzling Flash
  3168 | D:5      | Identified the +1 short sword of Starshine {protect, rN+
                  | Dex+3}
  3248 | D:5      | Reached skill level 5 in Spellcasting
  3248 | D:5      | Reached skill level 5 in Conjurations
  3248 | D:5      | Reached skill level 5 in Hexes
  3248 | D:5      | Reached skill level 5 in Summonings
  3248 | D:5      | Reached skill level 5 in Necromancy
  3248 | D:5      | Reached skill level 5 in Translocations
  3248 | D:5      | Reached skill level 5 in Transmutations
  3248 | D:5      | Reached skill level 5 in Fire Magic
  3248 | D:5      | Reached skill level 5 in Ice Magic
  3248 | D:5      | Reached skill level 5 in Air Magic
  3248 | D:5      | Reached skill level 5 in Earth Magic
  3248 | D:5      | Reached skill level 5 in Poison Magic
  3496 | D:5      | Noticed a water moccasin
  3504 | D:5      | Killed a water moccasin
  3532 | D:5      | Found a sparkling altar of Nemelex Xobeh.
  3555 | D:5      | Reached XP level 8. HP: 45/54 MP: 0/0
  3960 | D:5      | Found a snail-covered altar of Cheibriados.
  4544 | D:6      | Reached skill level 6 in Dodging
  4548 | D:6      | Noticed Sigmund
  4572 | D:6      | Reached skill level 7 in Dodging
  4572 | D:6      | Reached XP level 9. HP: 49/58 MP: 0/0
  4572 | D:6      | Learned a level 4 spell: Sticky Flame
  4574 | D:6      | Killed Sigmund
  4576 | D:6      | Noticed Eustachio
  4584 | D:6      | Killed Eustachio
  4585 | D:6      | Reached skill level 8 in Dodging
  4615 | D:6      | Found a glowing drain.
  4633 | Sewer    | Entered a sewer
  4914 | Sewer    | Reached skill level 9 in Dodging
  5069 | D:6      | Reached skill level 10 in Dodging
  5491 | D:6      | Identified the +9 war axe of Dawn {heavy, rElec rC- Will-
                  | rCorr}
  5535 | D:6      | Reached XP level 10. HP: 50/67 MP: 0/0
  5602 | D:6      | Reached skill level 5 in Fighting
  5850 | D:6      | Noticed a cyclops
  5920 | D:6      | Killed a cyclops
  6529 | D:7      | Found a hazy altar of Hepliaklqana.
  6605 | D:7      | Found a staircase to the Ecumenical Temple.
  6978 | Temple   | Entered the Ecumenical Temple
  7319 | D:8      | Reached skill level 11 in Dodging
  7363 | D:8      | Noticed a two-headed ogre
  7370 | D:8      | Killed a two-headed ogre
  7857 | D:8      | Reached XP level 11. HP: 75/75 MP: 0/0
  7857 | D:8      | Learned a level 4 spell: Leda's Liquefaction
  7890 | D:8      | Found a staircase to the Lair.
  7893 | D:8      | Noticed a boulder beetle
  7904 | D:8      | Killed a boulder beetle
  8085 | D:9      | Found a hide-covered altar of Uskayaw.
  8106 | D:9      | Found a shimmering altar of Xom.
  8113 | D:9      | Found a bloodstained altar of Trog.
  8120 | D:9      | Found a flagged portal.
  8132 | Bailey   | Entered a bailey
  8148 | Bailey   | Reached skill level 12 in Dodging
  8383 | Bailey   | Noticed an orc knight
  8411 | Bailey   | Killed an orc knight
  8594 | Bailey   | Noticed an orc knight
  8603 | Bailey   | Killed an orc knight
  8714 | Bailey   | Noticed an orc warlord
  9155 | Bailey   | Reached skill level 10 in Fighting
  9155 | Bailey   | Reached XP level 12. HP: 92/92 MP: 0/0
  9158 | Bailey   | Reached skill level 15 in Dodging
  9158 | Bailey   | Reached XP level 13. HP: 97/97 MP: 0/0
  9158 | Bailey   | Learned a level 5 spell: Borgnjor's Vile Clutch
  9175 | Bailey   | Reached skill level 10 in Spellcasting
  9175 | Bailey   | Reached skill level 10 in Conjurations
  9175 | Bailey   | Reached skill level 10 in Hexes
  9175 | Bailey   | Reached skill level 10 in Summonings
  9175 | Bailey   | Reached skill level 10 in Necromancy
  9175 | Bailey   | Reached skill level 10 in Translocations
  9175 | Bailey   | Reached skill level 10 in Transmutations
  9175 | Bailey   | Reached skill level 10 in Fire Magic
  9175 | Bailey   | Reached skill level 10 in Ice Magic
  9175 | Bailey   | Reached skill level 10 in Air Magic
  9175 | Bailey   | Reached skill level 10 in Earth Magic
  9175 | Bailey   | Reached skill level 10 in Poison Magic
  9175 | Bailey   | Reached XP level 14. HP: 69/103 MP: 0/0
  9341 | Bailey   | Killed an orc warlord
  9481 | D:9      | Bought the +2 hat of the Bear Spirit {Spirit, Bear, *Rage
                  | Will++} for 349 gold pieces
  9481 | D:9      | Found the +2 hat of the Bear Spirit {Spirit, Bear, *Rage
                  | Will++}
  9697 | D:9      | Found a broken altar of Ashenzari.
 10202 | D:10     | Entered Level 10 of the Dungeon
 10619 | D:10     | Found a staircase to the Orcish Mines.
 10725 | D:10     | Noticed Maurice
 10731 | D:10     | Killed Maurice
 12720 | D:11     | Found a runed translucent door.
 12736 | D:11     | Noticed Snorg
 12807 | D:11     | Noticed Grum
 12814 | D:11     | Killed Grum
 13201 | D:11     | Killed Snorg
 13571 | D:11     | Reached XP level 15. HP: 35/108 MP: 0/0
 13571 | D:11     | Learned a level 6 spell: Eringya's Noxious Bog
 13878 | Lair:1   | Entered Level 1 of the Lair of Beasts
 14600 | Lair:1   | Found a runed translucent gate.
 14600 | Lair:1   | Found a runed translucent gate.
 14602 | Lair:1   | Found a runed translucent gate.
 14615 | Lair:1   | Noticed Newt's ghost (novice DsGl)
 15356 | Lair:2   | Identified the +10 dagger "Raicad" {drain, rElec rN+ Str-3
                  | Int+5}
 15517 | Lair:2   | Reached skill level 1 in Short Blades
 15520 | Lair:2   | Found a snail-covered altar of Cheibriados.
 16138 | Lair:1   | Bought the +0 robe of the Nightingale {rC+} for 205 gold
                  | pieces
 16210 | Lair:3   | Found a staircase to the Snake Pit.
 16236 | Lair:3   | Found a dark tunnel.
 16259 | Volcano  | Entered a volcano
 16419 | Volcano  | Reached skill level 5 in Stealth
 16871 | Lair:3   | Found a staircase to the Swamp.
 17786 | Lair:3   | Found an ornate altar of the Wu Jian Council.
 17786 | Lair:3   | Found a hide-covered altar of Uskayaw.
 18067 | Lair:3   | Reached skill level 5 in Short Blades
 19185 | Lair:5   | Entered Level 5 of the Lair of Beasts
 19850 | Lair:5   | Reached XP level 16. HP: 109/114 MP: 0/0
 21036 | Lair:5   | Found a viscous altar of Jiyva.
 21036 | Lair:5   | Found a staircase to the Slime Pits.
 22826 | D:13     | Reached skill level 16 in Dodging
 23004 | D:13     | Found a gate to the Vaults.
 23283 | D:12     | Upgraded the game from 0.31-a0-321-g19405a7a6a to
                  | 0.31-a0-325-g067879e3d3
 23478 | D:13     | Found Poxusy's Magic Scroll Boutique.
 23540 | D:13     | Bought a scroll of identify for 24 gold pieces
 23540 | D:13     | Bought a scroll of identify for 24 gold pieces
 23665 | D:13     | Identified the +0 scale mail of Lugonu's Felicitations
                  | {*Slow +Blink Str+4 Dex-2}
 24018 | D:14     | Reached skill level 10 in Stealth
 24211 | D:14     | Reached XP level 17. HP: 108/120 MP: 0/0
 24211 | D:14     | Learned a level 7 spell: Haunt
 24540 | D:14     | Reached skill level 17 in Dodging
 25148 | D:14     | Reached skill level 10 in Short Blades
 25191 | D:14     | Identified the +5 chain mail of the Imbibing Gods {Will+}
 25634 | D:15     | Entered Level 15 of the Dungeon
 25915 | Snake:1  | Entered Level 1 of the Snake Pit
 26085 | Snake:1  | Found Lennewna's Weapon Shop.
 26627 | Snake:1  | Found Vepewor's Firing Range.
 26748 | Snake:2  | Found Rerivvim's Antique Armour Emporium.
 26753 | Snake:2  | Reached skill level 18 in Dodging
 26853 | Snake:2  | Found Qericur's Assorted Antiques.
 26907 | Snake:2  | Bought a scroll labelled BARAEXUGAG for 36 gold pieces
 26907 | Snake:2  | Bought a transparent hand axe for 288 gold pieces
 26907 | Snake:2  | Identified the +5 hand axe "Egg" {elec, rC+ rN+ Dex+4} (You
                  | bought it in a shop on level 2 of the Snake Pit)
 26907 | Snake:2  | Bought a scroll of teleportation for 108 gold pieces
 26907 | Snake:2  | Found Fufriqaa's Jewellery Emporium.
 26931 | Snake:2  | Identified the +1 robe "Wual" {rF++ Int+3 Stlth-}
 27355 | Snake:3  | Noticed Mara
 27370 | Snake:3  | Killed Mara
 27494 | Snake:3  | Reached XP level 18. HP: 125/126 MP: 0/0
 28048 | Snake:3  | Found Cojab's Superior Scales.
 28110 | Snake:4  | Entered Level 4 of the Snake Pit
 28164 | Snake:4  | Reached skill level 19 in Dodging
 28806 | Snake:4  | Found a bloodstained altar of Trog.
 29001 | Snake:4  | Found a runed translucent gate.
 29002 | Snake:4  | Found a runed translucent gate.
 29002 | Snake:4  | Found an opulent altar of Gozag.
 29003 | Snake:4  | Found a runed translucent gate.
 29005 | Snake:4  | Noticed Ruet's ghost (adept AtFi)
 29433 | Snake:4  | Got a serpentine rune of Zot
 30448 | D:15     | Found a sacrificial altar of Ru.
 30627 | D:15     | Found a staircase to the Depths.
 31310 | Snake:2  | Bought the ring "Pucoudy" {rC++ Str+6 Dex+4} for 1309 gold
                  | pieces
 31866 | Swamp:1  | Entered Level 1 of the Swamp
 31889 | Swamp:1  | Reached skill level 1 in Evocations
 32097 | Swamp:1  | Identified the +5 rapier "Arcanum" {freeze, Str+6 Stlth+}
 32201 | Swamp:1  | Reached XP level 19. HP: 127/135 MP: 0/0
 32201 | Swamp:1  | Learned a level 6 spell: Conjure Ball Lightning
 32446 | Swamp:1  | Identified the +8 whip of Amenur {heavy, rPois rC+}
 32566 | Swamp:1  | Noticed a tentacled monstrosity
 32575 | Swamp:1  | Killed a tentacled monstrosity
 32576 | Swamp:1  | Reached skill level 20 in Dodging
 33466 | Swamp:2  | Identified the +6 war axe of Sogism {flame, Fragile rC++
                  | Int+4}
 33715 | Swamp:3  | Reached skill level 15 in Spellcasting
 33715 | Swamp:3  | Reached skill level 15 in Conjurations
 33715 | Swamp:3  | Reached skill level 15 in Hexes
 33715 | Swamp:3  | Reached skill level 15 in Summonings
 33715 | Swamp:3  | Reached skill level 15 in Necromancy
 33715 | Swamp:3  | Reached skill level 15 in Translocations
 33715 | Swamp:3  | Reached skill level 15 in Transmutations
 33715 | Swamp:3  | Reached skill level 15 in Fire Magic
 33715 | Swamp:3  | Reached skill level 15 in Ice Magic
 33715 | Swamp:3  | Reached skill level 15 in Air Magic
 33715 | Swamp:3  | Reached skill level 15 in Earth Magic
 33715 | Swamp:3  | Reached skill level 15 in Poison Magic
 33927 | Swamp:3  | Reached skill level 5 in Evocations
 34058 | Swamp:3  | Found a frozen archway.
 34065 | IceCv    | Entered an ice cave
 34672 | IceCv    | Found a viscous altar of Jiyva.
 34682 | IceCv    | Reached skill level 1 in Shapeshifting
 34988 | Swamp:3  | Noticed Roxanne
 35171 | Swamp:3  | Killed Roxanne
 35648 | D:9      | Bought a +2 pair of gloves of strength for 215 gold pieces
 36232 | Swamp:4  | Entered Level 4 of the Swamp
 36470 | Swamp:4  | Reached XP level 20. HP: 136/147 MP: 0/0
 36545 | Swamp:4  | Reached skill level 5 in Shapeshifting
 36550 | Swamp:4  | Noticed a tentacled monstrosity
 37003 | Swamp:4  | Killed a tentacled monstrosity
 37440 | Swamp:4  | Got a decaying rune of Zot
 38240 | Orc:1    | Entered Level 1 of the Orcish Mines
 38441 | Orc:1    | Found a burning altar of Makhleb.
 38685 | Orc:2    | Entered Level 2 of the Orcish Mines
 39100 | Orc:2    | Found Pegubrud's Distillery.
 39103 | Orc:2    | Found Pagucs's Distillery.
 39162 | Orc:2    | Bought a potion of heal wounds for 65 gold pieces
 39162 | Orc:2    | Bought a potion of haste for 130 gold pieces
 39162 | Orc:2    | Bought a potion of heal wounds for 65 gold pieces
 39164 | Orc:2    | Bought 2 potions of heal wounds for 180 gold pieces
 39164 | Orc:2    | Bought a potion of heal wounds for 90 gold pieces
 39164 | Orc:2    | Bought a potion of heal wounds for 90 gold pieces
 39164 | Orc:2    | Bought a potion of haste for 180 gold pieces
 39533 | Orc:2    | Found Xusiapp's Jewellery Shoppe.
 39533 | Orc:2    | Found Guetaul's Antique Weapon Emporium.
 39535 | Orc:2    | Found a one-way gate leading to the halls of Pandemonium.
 39554 | Orc:2    | Bought a dazzling mace for 248 gold pieces
 39554 | Orc:2    | Identified the +6 mace "Fuqocsymp" {pain, rF+} (You bought
                  | it in a shop on level 2 of the Orcish Mines)
 39811 | Orc:2    | Found a staircase to the Elven Halls.
 39982 | Orc:1    | Found Otegysa's Weapon Boutique.
 40161 | Elf:1    | Entered Level 1 of the Elven Halls
 40185 | Elf:1    | Paralysed by an air elemental for 1 turns
 40448 | Elf:1    | Reached skill level 10 in Shapeshifting
 40509 | Elf:1    | Reached XP level 21. HP: 144/152 MP: 0/0
 40509 | Elf:1    | Learned a level 8 spell: Disjunction
 41812 | Elf:2    | Found Utre's General Store.
 41851 | Elf:2    | Bought the +3 troll leather armour "Ruplepo" {rPois Regen+
                  | Dex-2 Stlth+} for 557 gold pieces
 42110 | Elf:2    | Found a runed translucent gate.
 42110 | Elf:2    | Found a runed translucent gate.
 42110 | Elf:2    | Found a runed translucent gate.
 43019 | Elf:3    | Entered Level 3 of the Elven Halls
 43314 | Elf:3    | Identified the +3 leather armour of Peek-a-Boo {rPois MP+9
                  | Int-3 SInv}
 43836 | Elf:3    | Noticed Donald
 43843 | Elf:3    | Killed Donald
 44074 | Elf:3    | Reached XP level 22. HP: 51/158 MP: 0/0
 44286 | Elf:3    | Identified the +1 chain mail "Ulycorex" {rF+ rN+++}
 44467 | Elf:3    | Identified the staff of Internal Strife {rElec Int+3 Air}
 44469 | Elf:3    | Identified the +8 double sword of Blind Justice {venom,
                  | rElec rF+}
 44511 | Elf:3    | Identified the +1 shortbow of Monuin {freeze, rElec Will+}
 45508 | Depths:1 | Entered Level 1 of the Depths
 45508 | Depths:1 | Found Huujalah's Mass Market.
 45524 | Depths:1 | Reached skill level 1 in Shields
 45524 | Depths:1 | Noticed Aizul
 45542 | Depths:1 | Killed Aizul
 45780 | Depths:1 | Found a hazy altar of Hepliaklqana.
 45916 | Depths:1 | Found a one-way gate to the infinite horrors of the Abyss.
 45981 | Depths:1 | Found a gateway to Hell.
 46139 | Depths:1 | Reached skill level 5 in Shields
 47255 | Depths:2 | Reached skill level 15 in Shapeshifting
 47423 | Depths:2 | Found a one-way gateway to a ziggurat.
 47437 | Depths:2 | Paralysed by a floating eye for 4 turns
 47444 | Depths:2 | Reached XP level 23. HP: 104/164 MP: 0/0
 47444 | Depths:2 | Learned a level 8 spell: Infestation
 48119 | Depths:2 | Noticed a golden dragon
 48146 | Depths:2 | Killed a golden dragon
 48269 | Depths:2 | Noticed a golden dragon
 48341 | Depths:2 | Noticed a golden dragon
 48354 | Depths:2 | Killed a golden dragon
 48372 | Depths:2 | Killed a golden dragon
 48566 | Depths:2 | Noticed a juggernaut
 48577 | Depths:2 | Noticed a golden dragon
 48580 | Depths:2 | Noticed a juggernaut
 48588 | Depths:2 | Killed a juggernaut
 48589 | Depths:2 | Reached skill level 10 in Shields
 48594 | Depths:2 | Killed a golden dragon
 49025 | Depths:2 | Noticed a golden dragon
 49361 | Depths:2 | Killed a golden dragon
 49378 | Depths:2 | Killed a juggernaut
 49440 | Depths:2 | Noticed a juggernaut
 49448 | Depths:2 | Identified the +6 short sword of the Morning {pain, rPois
                  | Str+2}
 49753 | Depths:2 | Killed a juggernaut
 49994 | Depths:2 | Identified the +7 shortbow of Contention {freeze, rF+
                  | Int+2}
 50645 | Depths:3 | Reached XP level 24. HP: 151/168 MP: 0/0
 50860 | Depths:3 | Noticed a caustic shrike
 50871 | Depths:3 | Killed a caustic shrike
 51073 | Depths:3 | Identified the +3 leather armour "Memowk" {Fly Will+
                  | Regen+}
 51777 | Depths:3 | Noticed a caustic shrike
 51819 | Depths:3 | Noticed a caustic shrike
 51820 | Depths:3 | Noticed a caustic shrike
 51826 | Depths:3 | Killed a caustic shrike
 51834 | Depths:3 | Killed a caustic shrike
 51846 | Depths:3 | Killed a caustic shrike
 52086 | Depths:3 | Bought a heavily jewelled robe for 131 gold pieces
 52086 | Depths:3 | Identified the +2 robe of Resonance {Harm rC+} (You bought
                  | it in a shop on level 3 of the Depths)
 52155 | Depths:4 | Entered Level 4 of the Depths
 52247 | Depths:4 | Noticed a juggernaut
 52257 | Depths:4 | Killed a juggernaut
 52268 | Depths:4 | Found a magical portal.
 52281 | WizLab   | Entered Yara's Duelist Academy
 52446 | WizLab   | Noticed Ilabb
 52468 | WizLab   | Killed Ilabb the Head Instructor
 52516 | WizLab   | Identified the +6 falchion of Pain and Death {speed, Drain
                  | rPois rN+++ Dex-5}
 53125 | Depths:4 | Found a gate to the Realm of Zot.
 53127 | Depths:4 | Noticed a golden dragon
 53161 | Depths:4 | Killed a golden dragon
 53367 | Depths:4 | Noticed Louise
 53378 | Depths:4 | Killed Louise
 53395 | Depths:4 | Noticed a golden dragon
 53396 | Depths:4 | Noticed a juggernaut
 53427 | Depths:4 | Killed a juggernaut
 53428 | Depths:4 | Reached XP level 25. HP: 123/175 MP: 0/0
 53428 | Depths:4 | Learned a level 9 spell: Fire Storm
 54192 | Vaults:1 | Entered Level 1 of the Vaults
 54550 | Vaults:1 | Identified the +8 whip of Evisceration {heavy, Drain rC++
                  | Stlth+}
 54594 | Vaults:1 | Reached skill level 15 in Shields
 55841 | Vaults:2 | You are sucked into a shaft and drop 1 floor!
 56108 | Vaults:3 | Noticed Nikola
 56116 | Vaults:3 | Killed Nikola
 57642 | Vaults:2 | Noticed Mennas
 57673 | Vaults:2 | Reached XP level 26. HP: 99/182 MP: 0/0
 57704 | Vaults:2 | Killed Mennas
 58175 | Vaults:2 | Found a staircase to the Crypt.
 59250 | Vaults:3 | Found a gateway to a bazaar.
 59266 | Bazaar   | Entered a bazaar
 59266 | Bazaar   | Found Bulei's Magic Scroll Shoppe.
 59266 | Bazaar   | Found Sicism's Weapon Shop.
 59283 | Bazaar   | Bought a scroll of blinking for 97 gold pieces
 59283 | Bazaar   | Bought a scroll of teleportation for 39 gold pieces
 59283 | Bazaar   | Bought a scroll of revelation for 97 gold pieces
 59292 | Bazaar   | Found Cuehath's Antique Weapon Emporium.
 59297 | Bazaar   | Found Nirghij's Distillery.
 59300 | Bazaar   | Bought an ebony rapier for 216 gold pieces
 59300 | Bazaar   | Identified the +0 rapier of Zayphe {spect, rPois Will+
                  | Dex-3} (You bought it in a shop in a bazaar)
 59307 | Bazaar   | Found Meirch's Antique Armour Boutique.
 59309 | Bazaar   | Bought a potion of haste for 130 gold pieces
 59315 | Bazaar   | Bought a tattered robe for 125 gold pieces
 59315 | Bazaar   | Identified the +1 robe of Disguise {*Corrode rElec Regen+}
                  | (You bought it in a shop in a bazaar)
 59326 | Bazaar   | Bought a potion of resistance for 130 gold pieces
 59449 | Vaults:4 | Noticed Margery
 59460 | Vaults:4 | Killed Margery
 61247 | Depths:1 | Voluntarily entered the Abyss.
 61801 | Abyss:2  | Found a hide-covered altar of Uskayaw.
 61838 | Abyss:2  | Found a corrupted altar of Lugonu.
 61910 | Abyss:2  | Found a corrupted altar of Lugonu.
 62067 | Abyss:3  | Found a corrupted altar of Lugonu.
 62311 | Abyss:3  | Gained mutation: Your body sometimes deteriorates upon
                  | taking damage. [a neqoxec]
 62397 | Depths:1 | Escaped the Abyss
 62401 | Depths:1 | Reached XP level 27. HP: 187/187 MP: 0/0
 62401 | Depths:1 | Learned a level 9 spell: Death's Door
 62489 | Depths:1 | Voluntarily entered the Abyss.
 62899 | Abyss:3  | Got an abyssal rune of Zot
 62981 | Depths:1 | Escaped the Abyss
 63047 | Depths:1 | Upgraded the game from 0.31-a0-325-g067879e3d3 to
                  | 0.31-a0-331-geda263fcf1
 63503 | Vaults:5 | Entered Level 5 of the Vaults
 63503 | Vaults:5 | Noticed Bai Suzhen
 63550 | Vaults:5 | Noticed a dread lich
 63561 | Vaults:5 | Identified the +5 spear "Qush" {holy, Will++}
 64431 | Vaults:5 | Identified the +7 long sword "Visath" {antimagic, rC+}
 64666 | Vaults:5 | Killed a dread lich
 64712 | Vaults:5 | Killed Bai Suzhen
 65248 | Vaults:5 | Got a silver rune of Zot
 66984 | Slime:1  | Entered Level 1 of the Pits of Slime
 66997 | Slime:1  | Slain by a formless jellyfish

Illustrated notes

Levels and vault maps discovered:
D:1:      lightli_arrival_boilingwater, layout_basic, st_stairs_14,
          serial_park_tiny_pond, minmay_pentomino_z4
D:2:      layout_basic, basic_altar, minmay_misc_feat_diagonals,
          minmay_misc_feat_pillars
D:3:      layout_basic, yredelemnul_altar_generic, elyvilon_altar_5,
          mainiacjoe_overflow_24_doors, grunt_decor_cap, pf_guarded_unrand_meek
D:4:      gammafunk_cloud_chamber, layout_basic, jmf_multi_god_temple,
          minivault_14, uniq_ijyb
D:5:      layout_basic, nemelex_altar_shiori, cheibriados_altar_1,
          nicolae_gozag_cash_rules_everything_around_me,
          chequers_serial_rivers_small_b, grunt_ministairs_1,
          kennysheep_decorative_pillar, kennysheep_generic_room_2
D:6:      cheibrodos_fzero, layout_rooms, portal_sewer_entry_f, uniq_eustachio,
          uniq_sigmund
D:7:      layout_cave_pools, kennysheep_little_box,
          minmay_temple_entry_statues_fountains, serial_rivers,
          chequers_serial_rivers_large_a, chequers_serial_rivers_small_b,
          chequers_serial_rivers_small_3, chequers_serial_rivers_micro_e,
          chequers_mini_garden, minivault_23
D:8:      layout_loops_ring, lair_entry_dummy, hangedman_glass_teeth
D:9:      layout_roguey, nicolae_overflow_hidden_temple, xom_teletrap_fun,
          mainiacjoe_overflow_boulevard, evilmike_ruin_ashenzari,
          enter_bailey_5, minivault_11
D:10:     layout_stronghold, zombieorc1_lemuel, minivault_14,
          nrook_loot_triangle, minmay_misc_feat_encased, uniq_maurice
D:11:     cheibrodos_shockbox, layout_cave_pools, nicolae_looking_at_the_future,
          uniq_snorg, uniq_grum
D:12:     layout_loops_ring, kennysheep_diamond
D:13:     layout_gridville, grunt_vaults_entry_fortified, serial_shops,
          nicolae_shop_advertising_works [nicolae_subvault_shop_adworks]
D:14:     lemuel_vampire_tower, layout_cave_pods, palyth_stone_intersect
D:15:     grunt_enter_depths_magical_seal, layout_basic,
          nicolae_ru_the_path_less_chosen
Temple:   hellmonk_temple_beads
Lair:1:   layout_regular_city, maelrawn_ghost_gauntlet_escape,
          lemuel_fruit_fields
Lair:2:   layout_cave_pods, kennysheep_snail_temple, serial_bayou_shore_b
Lair:3:   layout_hall_layers, swamp_mist, nicolae_snake_entry_warm_welcome,
          lightli_volcano_entry_magma_tube, nzn_masters_of_martial_movement,
          grunt_megastairs_4
Lair:4:   layout_loops_ring, beast_lair_carwin_6
Lair:5:   evilmike_catoblepas_cave, layout_regular_city,
          dpeg_slime_entry_enclosed, grunt_megastairs_2, serial_bayou_shore_b
Swamp:1:  layout_basic_swamp, nicolae_swamp_small_spring, swamp_pool2
Swamp:2:  layout_basic_swamp, wheals_swamp_sinkhole, swamp_pool5,
          nicolae_swamp_necromancy_gone_wrong
Swamp:3:  layout_basic_swamp, portal_ice_cave_entry_dragon,
          evilmike_swamp_ruin_house_1, uniq_roxanne
Swamp:4:  nzn_swamp_witches_coven, layout_basic_swamp, swamp_pool1,
          nicolae_swamp_trees_clearing
Snake:1:  layout_concentric_octagons, serial_shops, shop,
          nicolae_shop_firing_range
Snake:2:  layout_rooms, serial_shops, nicolae_shop_tiny_waterfront,
          lemuel_fruit_tree, minmay_shoptagon, serial_bayou_shore_a
Snake:3:  layout_misc_corridors, st_stairs_2, hellmonk_scale_shop, uniq_mara
Snake:4:  minmay_snake_end_coiled, layout_onion_interference, basic_altar,
          ebering_ghost_gozag
Slime:1:  layout_caves, cheibrodos_slime_lost_civilization_7
Orc:1:    layout_diamond_mine, serial_shops, nicolae_shop_hallway_plus,
          lemuel_statue_altar
Orc:2:    pf_orc_diabolical, layout_caves
Elf:1:    eino_elf_arrival_altar, layout_geoelf_octagon, minmay_elf_demonology
Elf:2:    elven_hall_of_blades_hangedman_original [nicolae_blade_bullseye],
          layout_geoelf_grid, serial_shops, shop
Elf:3:    minmay_elf_hall_statues, layout_geoelf_castle, grunt_ministairs_6,
          dreamdust_wishing_well, uniq_donald
Vaults:1: nicolae_vaults_turnstiles, hangedman_vaults_variations,
          nicolae_vaults_network_s, nicolae_vaults_corridor_and_loot_room,
          nicolae_vaults_twisting_passages, hangedman_vaults_stretched_pinwheel,
          vaults_room_octagon, vaults_dpeg_encased_lava, v_misc_11,
          nicolae_vaults_tetromino_L_2, nicolae_vaults_little_squares_6,
          hangedman_vaults_stitches, nicolae_vaults_shelves_hall,
          vaults_dpeg_hooks, nicolae_vaults_asterisk, layout_vaults_maze_snakey
Vaults:2: hangedman_vaults_hat, nicolae_vaults_display_case,
          vaults_mumra_minichess, v_misc_12, v_misc_11, vaults_room_hallway,
          nicolae_vaults_closet_pinwheel_4, vaults_dpeg_emergency_exit,
          nicolae_vaults_sealed_display, layout_vaults_omnigrid,
          dummy_crypt_entry, uniq_mennas
Vaults:3: st_smaller_cells, nicolae_vaults_more_shelving_2, v_misc_27,
          nicolae_vaults_closet_pinwheel_4, ontoclasm_vaults_twist,
          nicolae_vaults_tetromino_Z_2, nicolae_vaults_three_branches,
          v_misc_24, nicolae_vaults_windows_and_doors_thing,
          nicolae_vaults_little_squares_5, nicolae_vaults_mini_display_case,
          vaults_room_semicircle, layout_vaults_omnibox, serial_shops,
          bzr_firewalk, uniq_nikola
Vaults:4: vaults_mumra_chevron_long, dpeg_vaults_monster_box,
          nicolae_vaults_circle_grid_a, hangedman_vaults_cutoff, v_misc_25,
          hangedman_vaults_maws, nicolae_vaults_specimen_jars,
          vaults_standard_mumra_enter_the_diamond,
          nicolae_vaults_hexular_roomagon, nicolae_vaults_little_squares_5,
          ontoclasm_vaults_chip, layout_vaults_chaotic_city, uniq_margery
Vaults:5: uniq_bai_suzhen
Depths:1: layout_small_grid, grunt_mini_vestibule, wad_floor_pattern_untrapped,
          abyss_entry, minmay_shop_mass, serial_sigils_hangedman_carve,
          nicolae_hepliaklqana_hazy_memory, uniq_aizul
Depths:2: gammafunk_depths_water_palace, layout_cave_shapes, enter_ziggurat_d,
          hell_entry, rand_demon_pan_entry_3, dk_noncrumbling_4
Depths:3: thingy_vault, layout_basic, serial_curves, eino_curves_01,
          eino_curves_03, pan_entry, hellmouth_1, abyss_entry_crystal,
          argonaut_fire_from_heaven
Depths:4: grunt_zot_entry_tricorne, layout_twisted_cross,
          infiniplex_enter_wizlab_water, hell_entry,
          nicolae_abyss_entry_one_way_or_another, serial_bayou_lake_a

Skill      XL: |  1  2  3  4  5  6  7  8  9 10 11 12 13 14 15 16 17 18 19 20 21 22 23 24 25 26 27 |
---------------+----------------------------------------------------------------------------------+-----
Fighting       | 1 2 3 5 10 11 14 | 14.0
Dodging        | 3 4 5 7 10 11 12 15 16 18 19 20 | 20.0
Spellcasting   | 4 6 7 8 9 10 12 13 14 15 16 17 18 19 | 19.8
Conjurations   | 4 6 7 8 9 10 12 13 14 15 16 17 18 19 | 19.8
Hexes          | 4 6 7 8 9 10 12 13 14 15 16 17 18 19 | 19.8
Summonings     | 4 6 7 8 9 10 12 13 14 15 16 17 18 19 | 19.8
Necromancy     | 4 6 7 8 9 10 12 13 14 15 16 17 18 19 | 19.8
Translocations | 4 6 7 8 9 10 12 13 14 15 16 17 18 19 | 19.8
Transmutations | 4 6 7 8 9 10 12 13 14 15 16 17 18 19 | 19.8
Fire Magic     | 4 6 7 8 9 10 12 13 14 15 16 17 18 19 | 19.8
Ice Magic      | 4 6 7 8 9 10 12 13 14 15 16 17 18 19 | 19.8
Air Magic      | 4 6 7 8 9 10 12 13 14 15 16 17 18 19 | 19.8
Earth Magic    | 4 6 7 8 9 10 12 13 14 15 16 17 18 19 | 19.8
Poison Magic   | 4 6 7 8 9 10 12 13 14 15 16 17 18 19 | 19.8
Stealth        | 2 4 7 10 | 10.0
Short Blades   | 6 9 10 | 10.0
Evocations     | 1 5 |  5.0
Shapeshifting  | 4 10 13 15 19 | 19.5
Shields        | 8 11 14 17 | 17.0

Action                     |  1- 3 |  4- 6 |  7- 9 | 10-12 | 13-15 | 16-18 | 19-21 | 22-24 | 25-27 || total
---------------------------+-------+-------+-------+-------+-------+-------+-------+-------+-------++-------
  Melee: Quarterstaff      |       |    12 |     6 |    10 |    20 |       |       |       |       ||    48
         Dagger            |       |       |       |       |    41 |   141 |    66 |   134 |   362 ||   744
         Punch             |       |       |       |       |     1 |     5 |     2 |     1 |       ||     9
         Unarmed           |       |       |       |       |       |       |       |    21 |       ||    21
         Tailslap          |       |       |       |       |       |       |       |     6 |       ||     6
         Bite              |       |       |       |       |       |       |       |     3 |       ||     3
         Katana            |       |       |       |       |       |       |       |       |     7 ||     7
   Cast: Necrotise         |    32 |    15 |       |       |       |       |       |       |       ||    47
         Sandblast         |    22 |    52 |    28 |     6 |       |     3 |       |       |       ||   111
         Vampiric Draining |       |    20 |   111 |   156 |   175 |    94 |       |       |       ||   556
         Scorch            |       |     1 |    21 |    49 |    91 |    18 |       |       |       ||   180
         Dazzling Flash    |       |       |     3 |    10 |     1 |       |       |       |       ||    14
         Sticky Flame      |       |       |     8 |    18 |    28 |    12 |       |       |       ||    66
         Leda's Liquefacti |       |       |       |     3 |     1 |       |       |       |       ||     4
         Borgnjor's Vile C |       |       |       |       |   165 |   226 |   299 |   340 |   366 ||  1396
         Eringya's Noxious |       |       |       |       |     7 |     4 |       |       |       ||    11
         Haunt             |       |       |       |       |       |   213 |   417 |   345 |   518 ||  1493
         Conjure Ball Ligh |       |       |       |       |       |       |     8 |    19 |    29 ||    56
         Infestation       |       |       |       |       |       |       |       |     1 |       ||     1
 Invoke: Call Merchant     |       |       |       |     1 |     2 |     3 |     1 |     2 |     1 ||    10
Ability: Begin Untransform |       |       |       |       |       |       |       |     1 |     2 ||     3
         Breathe Fire      |       |       |       |       |       |       |       |     1 |       ||     1
         Siphon Essence    |       |       |       |       |       |       |       |       |    18 ||    18
  Evoke: Wand              |       |       |       |       |     2 |       |       |     1 |     3 ||     6
    Use: Scroll            |       |       |    13 |     4 |     9 |    10 |     3 |    12 |     9 ||    60
         Potion            |       |       |       |     2 |     3 |     3 |       |       |     4 ||    12
   Stab: Sleeping          |       |       |       |       |     4 |     4 |     1 |     1 |     2 ||    12
         Distracted        |       |       |       |       |       |     1 |     2 |     4 |    13 ||    20
 Armour: Robe              |     2 |    11 |     2 |       |    10 |    53 |    11 |       |       ||    89
         Leather armour    |       |       |    13 |    12 |    20 |       |     3 |     6 |    29 ||    83
         Troll leather arm |       |       |       |       |       |       |     4 |    23 |       ||    27
         Skin              |       |       |       |       |       |       |       |     5 |       ||     5
  Dodge: Dodged            |    14 |    35 |   115 |   131 |   324 |   652 |   357 |   324 |   354 ||  2306
         Repelled          |       |     1 |       |     3 |     7 |    18 |    16 |    13 |    19 ||    77
  Block: Tower shield      |       |       |       |       |       |       |       |   148 |   859 ||  1007
         Reflection        |       |       |       |       |       |       |       |    10 |    93 ||   103
         Form:             |       |     1 |       |       |       |       |       |     1 |       ||     2
         Beast             |       |     1 |       |       |       |       |       |       |       ||     1
         Statue            |       |       |       |       |       |       |       |     1 |     1 ||     2
         Dragon            |       |       |       |       |       |       |       |     1 |     1 ||     2
         Death             |       |       |       |       |       |       |       |       |     2 ||     2

Table legend: (Time is in decaauts)
 A = Elapsed time spent in this place.
 B = Non-inter-level travel time spent in this place.
 C = Inter-level travel time spent in this place.
 D = Time resting spent in this place.
 E = Time spent auto-exploring this place.
 F = Levels seen in this place.
 G = Mean time per level.
                   A        B        C        D        E       F      G
               +--------+--------+--------+--------+--------+-----+--------+
         Total |  67317 |  61380 |   5937 |  11532 |  29574 |  54 | 1246.6 |
       Dungeon |  19372 |  17120 |   2252 |   3075 |   9298 |  15 | 1291.5 |
        Temple |     89 |     47 |     42 |      0 |      0 |   1 |   89.0 |
          Lair |   7996 |   6872 |   1124 |   1444 |   3976 |   5 | 1599.2 |
         Swamp |   4936 |   4527 |    409 |   1022 |   2373 |   4 | 1234.0 |
     Snake Pit |   3933 |   3671 |    262 |    420 |   1822 |   4 |  983.2 |
    Slime Pits |     12 |     12 |      0 |      0 |      0 |   1 |   12.0 |
  Orcish Mines |   1948 |   1879 |     69 |    175 |   1087 |   2 |  974.0 |
   Elven Halls |   5029 |   4799 |    230 |    827 |   2558 |   3 | 1676.3 |
        Vaults |  10152 |   9152 |   1000 |   1322 |   4401 |   5 | 2030.4 |
        Depths |   8323 |   7779 |    544 |   1887 |   3066 |   4 | 2080.8 |
         Abyss |   1652 |   1652 |      0 |     19 |    297 |   4 |  413.0 |
        Bazaar |    106 |    106 |      0 |      0 |     41 |   1 |  106.0 |
         Sewer |    395 |    395 |      0 |     74 |    166 |   1 |  395.0 |
        Bailey |   1349 |   1349 |      0 |    719 |     59 |   1 | 1349.0 |
      Ice Cave |    876 |    876 |      0 |    190 |    229 |   1 |  876.0 |
       Volcano |    533 |    533 |      0 |    237 |     21 |   1 |  533.0 |
        Wizlab |    607 |    607 |      0 |    118 |    179 |   1 |  607.0 |
               +--------+--------+--------+--------+--------+-----+--------+

Top non-repeatable levels by time:
Depths:2: 3194 daAuts
Vaults:5: 2790 daAuts
    D:10: 2788 daAuts
Vaults:3: 2162 daAuts
  Lair:5: 2154 daAuts
Depths:3: 2111 daAuts
   Elf:3: 2094 daAuts
  Lair:3: 2009 daAuts
    D:14: 1995 daAuts
Vaults:2: 1941 daAuts
Depths:1: 1800 daAuts
Vaults:1: 1696 daAuts
     D:5: 1693 daAuts
 Swamp:4: 1661 daAuts
   Elf:2: 1569 daAuts
